 Dungeon Crawl Stone Soup version 0.24-a0-67-ga78bd38 (webtiles) character file.

Game seed: 16182988898403912322

91 Amnesiac the Chiller (level 4, 0/24 HPs)
             Began as a Deep Elf Ice Elementalist on Feb 6, 2019.
             Succumbed to a worker ant's poison
             ... on level 3 of the Dungeon.
             The game lasted 00:01:28 (688 turns).

Amnesiac the Chiller (Deep Elf Ice Elementalist)     Turns: 688, Time: 00:01:28

Health: 0/24       AC:  2    Str:  5    XL:     4   Next: 33%
Magic:  5/12       EV: 13    Int: 21    God:
Gold:   66         SH:  0    Dex: 15    Spells: 10/11 levels left

rFire    . . .     SeeInvis .   a - +1 rapier (venom)
rCold    . . .     Gourm    .   (no shield)
rNeg     . . .     Faith    .   i - +0 robe
rPois    .         Spirit   .   (no helmet)
rElec    .         Reflect  .   (no cloak)
rCorr    .         Harm     .   (no gloves)
MR       .....                  (no boots)
Stlth    ++........             (no amulet)
HPRegen  0.08/turn              (no ring)
MPRegen  0.13/turn              (no ring)

@: lethally poisoned (0 -> -7)
A: no striking features
a: no special abilities


You were on level 3 of the Dungeon.
You were not hungry.

You visited 1 branch of the dungeon, and saw 3 of its levels.

You collected 66 gold pieces.

Inventory:

Hand Weapons
 a - a +1 rapier of venom (weapon)
Armour
 i - a +0 robe (worn)
Wands
 h - a wand of polymorph (6)
Scrolls
 f - a scroll of blinking {!r, unknown}
 g - a scroll of identify {!r, unknown}
Potions
 b - a potion of invisibility {!q, unknown}
 e - 2 potions of heal wounds {!q, unknown}
Comestibles
 c - 4 rations
 d - 8 chunks of flesh


   Skills:
 - Level 2.4 Dodging
 - Level 2.4 Stealth
 + Level 4.3 Spellcasting
   Level 1.1 Conjurations
 * Level 5.0 Ice Magic


You had 10 spell levels left.
You knew the following spells:

 Your Spells              Type           Power        Failure   Level  Hunger
a - Freeze                Ice            ####         1%          1    None

Your spell library contained the following spells:

 Spells                   Type           Power        Failure   Level  Hunger
 Throw Frost              Conj/Ice       ###...       4%          2    #......
 Ozocubu's Armour         Chrm/Ice       ###.....     12%         3    ##.....
 Throw Icicle             Conj/Ice       ###.....     32%         4    ####...
 Summon Ice Beast         Ice/Summ       ###.....     38%         4    ####...


Dungeon Overview and Level Annotations

Branches:
Dungeon (3/15)

Altars:


Message History

You see here 15 gold pieces.
A gnoll is nearby!
A gnoll is nearby!
The gnoll shouts!
The gnoll closely misses you.
A worker ant comes into view.
Casting: Freeze (safe; 1% risk of failure)
Confirm with . or Enter, or press ? or * to list all spells.
Aiming: Freeze (safe; 1% risk of failure)
Press: ? - help, Shift-Dir - straight line, f - gnoll
Aim: a gnoll, wielding a +0 halberd You freeze the gnoll!
The gnoll is severely wounded.
The gnoll hits you with a +0 halberd!
Ouch! That really hurt!
* * * LOW HITPOINT WARNING * * *
Some of the chunks of flesh in your inventory have rotted away.
Casting: Freeze (safe; 1% risk of failure)
Confirm with . or Enter, or press ? or * to list all spells.
Aiming: Freeze (safe; 1% risk of failure)
Press: ? - help, Shift-Dir - straight line, f/p - gnoll
Aim: a gnoll, wielding a +0 halberd (severely wounded)
You freeze the gnoll!
You kill the gnoll!
You have reached level 4!
You feel clever.
Casting: Freeze (safe; 1% risk of failure)
Confirm with . or Enter, or press ? or * to list all spells.
Aiming: Freeze (safe; 1% risk of failure)
Press: ? - help, Shift-Dir - straight line, f - worker ant
Aim: a worker ant You freeze the worker ant!
The worker ant is heavily wounded.
The worker ant misses you. The worker ant barely misses you.
Casting: Freeze (safe; 1% risk of failure)
Confirm with . or Enter, or press ? or * to list all spells.
Aiming: Freeze (safe; 1% risk of failure)
Press: ? - help, Shift-Dir - straight line, f/p - worker ant
Aim: a worker ant (heavily wounded)
You freeze the worker ant.
The worker ant is almost dead.
The worker ant bites you.
* * * LOW HITPOINT WARNING * * *
Casting: Freeze (safe; 1% risk of failure)
Confirm with . or Enter, or press ? or * to list all spells.
Aiming: Freeze (safe; 1% risk of failure)
Press: ? - help, Shift-Dir - straight line, f/p - worker ant
Aim: a worker ant (almost dead)
You freeze the worker ant.
The worker ant is almost dead.
The gnoll hits you but does no damage. The worker ant bites you!
* * * LOW HITPOINT WARNING * * *
You are lethally poisoned!
The worker ant poisons you!
Unknown command.
Casting: Freeze (safe; 1% risk of failure)
Confirm with . or Enter, or press ? or * to list all spells.
Aiming: Freeze (safe; 1% risk of failure)
Press: ? - help, Shift-Dir - straight line, f/p - worker ant
Aim: a worker ant (almost dead)
You freeze the worker ant.
You kill the worker ant!
Your Ice Magic skill increases to level 5!
You die...

....##....#####.###.#
........##...# #.# #.#
..........#...#####(###.#
..........#...).......#.#
..⌠.......#.###.........# ...
#........'.###.###.#.###
....##......g.'.....# #.#.#
....⌠..⌠......)#g#######.#.#
..............@.#.g.g...#.#.#
................#.#####.#.#.#
...............##.# #.#.#.#
...........$..###.#####.#.#.#
#............## #...........#
#..........###
#######.#......
#........##.## #.#######
####''######)## #.# #......##
##.# #.#


You could see a gnoll.

Vanquished Creatures
  A worker ant (D:3)
  3 gnolls (D:3)
  2 adders (D:2)
  An orc (D:3)
  2 giant cockroaches
  4 goblins
  A hobgoblin (D:3)
  A jackal (D:3)
  2 kobolds
  A ball python (D:3)
  4 bats
  A rat (D:3)
23 creatures vanquished.

Notes
Turn   | Place    | Note
-------+----------+-------------------------------------------
     0 | D:1      | Amnesiac the Deep Elf Ice Elementalist began the quest for
                  | the Orb.
     0 | D:1      | Reached XP level 1. HP: 10/10 MP: 6/6
    66 | D:2      | Reached XP level 2. HP: 11/15 MP: 2/8
   215 | D:2      | Reached skill level 4 in Ice Magic
   296 | D:2      | Reached XP level 3. HP: 19/19 MP: 2/10
   684 | D:3      | Reached XP level 4. HP: 11/24 MP: 9/12
   687 | D:3      | HP: 1/24 [worker ant (7)]
   688 | D:3      | Reached skill level 5 in Ice Magic
   688 | D:3      | Succumbed to a worker ant's poison

Vault maps used:
D:1:      dpeg_arrival_lava_altar, st_stairs_9, minmay_tetromino_i4
D:2:      corexii_item_surrounded_by_moat, uniq_robin
D:3:      kennysheep_big_flooded_room, first_ration, uniq_jessica

Skill      XL: |  1  2  3  4 |
---------------+-------------+-----
Ice Magic      | 4 5 |  5.0
Spellcasting   | 4 |  4.3
Dodging        | |  2.4
Stealth        | |  2.4
Conjurations   | |  1.1

Action                   |  1- 3 |  4- 6 || total
-------------------------+-------+-------++-------
 Cast: Freeze            |    41 |     5 ||    46
Armor: Robe              |     6 |       ||     6
Dodge: Dodged            |    30 |     2 ||    32

Table legend:
 A = Non-vault XP
 B = Vault XP
 C = Vault XP percentage of total XP
 D = Non-vault monster count
 E = Vault monster count
 F = Vault count percentage of total count
                 A         B        C        D         E       F
            +---------+---------+-------+---------+---------+-------
      Total |     126 |       4 |   3.1 |      21 |       2 |   8.7
            +---------+---------+-------+---------+---------+-------
        D:1 |       5 |       0 |   0.0 |       3 |       0 |   0.0
        D:2 |      37 |       0 |   0.0 |       8 |       0 |   0.0
        D:3 |      84 |       4 |   4.5 |      10 |       2 |  16.7
            +---------+---------+-------+---------+---------+-------
